 Dungeon Crawl Stone Soup version 0.18.1-48-g4cf74bf (webtiles) character file.

2062 FloraKitsune the Slicer (level 9, -4/48 HPs)
             Began as a Kobold Assassin on July 12, 2016.
             Slain by an orc warrior
             ... wielding a +0 hand axe
              (18 damage)
             ... in a bailey.
             The game lasted 00:14:06 (6719 turns).

FloraKitsune the Slicer (Kobold Assassin)           Turns: 6719, Time: 00:14:06

Health: -4/48      AC:  6    Str: 13    XL:     9   Next: 50%
Magic:  9/9        EV: 14    Int:  9    God:
Gold:   378        SH:  0    Dex: 21    Spells: 0 memorised, 8 levels left

rFire  . . .     SeeInvis .     y - +2 dagger (venom)
rCold  . . .     Gourm    .     x - +0 robe {MR+}
rNeg   . . .     Faith    .     (shield restricted)
rPois  .         Spirit   .     (no helmet)
rElec  .         Dismiss  .     H - +2 cloak
rCorr  +         Reflect  .     (no gloves)
SustAt .         Harm     .     h - +0 pair of boots
MR     +....                    (no amulet)
Stlth  ++++......               z - +4 ring of strength
                                i - ring of resist corrosion

@: somewhat resistant to hostile enchantments, stealthy
A: carnivore 3
a: no special abilities


You were in a bailey.
You were hungry.

You visited 2 branches of the dungeon, and saw 8 of its levels.
You also visited: Bailey.

You collected 378 gold pieces.

Inventory:

Hand Weapons
 b - a +0 blowgun
 y - a +2 dagger of venom (weapon)
Missiles
 e - 18 poisoned needles
 f - 5 curare-tipped needles
 D - 3 throwing nets (quivered)
 I - 8 tomahawks of returning
Armour
 h - a +0 pair of boots (worn)
 x - a +0 robe of magic resistance (worn)
 H - a +2 cloak (worn)
Jewellery
 i - a ring of resist corrosion (left hand)
 z - a +4 ring of strength (right hand)
 G - a +6 ring of dexterity {unknown}
Wands
 a - a wand of slowing (24/48)
 c - a wand of polymorph (8/24)
 w - a wand of slowing (21/48)
 F - a wand of teleportation (7/9)
Scrolls
 j - a scroll of immolation
 p - a scroll of random uselessness
 q - a scroll of blinking
 s - a scroll of teleportation
 u - a scroll of remove curse {unknown}
Potions
 d - a potion of mutation {unknown}
 k - 3 potions of resistance
 l - a potion of ambrosia {unknown}
 m - 2 potions of might {unknown}
 t - a potion of curing
 v - 2 potions of cancellation
 A - a potion of agility {unknown}
 B - a potion of cure mutation {unknown}
 C - a potion of berserk rage {unknown}
 E - 2 potions of flight {unknown}
Comestibles
 g - 3 meat rations
 n - 2 slices of pizza
 o - 2 beef jerkies
 r - a royal jelly


   Skills:
 - Level 2.1 Fighting
 + Level 11.5 Short Blades
 + Level 9.0 Throwing
 - Level 1.2 Dodging
 - Level 5.3 Stealth


You had 8 spell levels left.
You didn't know any spells.

Dungeon Overview and Level Annotations

Branches:
Dungeon (7/15)             Temple (1/1) D:4

Altars:
Ashenzari
Dithmenos
Fedhas
Gozag
Makhleb
Pakellas
Qazlal
Ru
Sif Muna
Vehumet
Yredelemnul
Zin
The Shining One


Innate Abilities, Weirdness & Mutations

You are small and have problems with some larger weapons.
You are carnivorous and can eat meat at any time.


Message History

The orc warrior is heavily wounded.
You hit the orc warrior.
The orc warrior is severely wounded.
The orc warrior completely misses you.
You hit the orc warrior but do no damage.
The orc warrior is severely wounded.
The hobgoblin hits you with a hand axe.
You barely miss the orc warrior.
The orc warrior is severely wounded.
You hit the orc warrior.
The orc warrior is almost dead.
The orc warrior hits you with a hand axe!
* * * LOW HITPOINT WARNING * * *
The hobgoblin hits you with a hand axe.
* * * LOW HITPOINT WARNING * * *
Unknown command.
Drink which item? (? for menu, Esc to quit)
You feel better.
The orc warrior hits you with a hand axe!!
You die...

+.....+
#####'''#####
#...........#
######≈≈≈≈...≈≈≈≈##
≈≈≈≈≈≈≈≈≈≈...≈≈≈≈≈≈
≈≈≈≈≈≈≈≈≈≈...≈≈≈≈≈≈
≈≈≈≈≈≈≈≈≈≈...≈≈≈≈≈≈
≈≈≈≈≈≈≈≈≈≈...≈≈≈≈≈≈
≈≈≈≈≈≈≈@og......≈≈≈
########gg.....####
#o......# #.......#
#...∩...# #.......#
###...### #.∩.#
#####


You could see an orc warrior, an orc, a hobgoblin and 2 goblins.

Vanquished Creatures
  2 yaks (D:5)
  A hippogriff (D:7)
  An ice beast (D:5)
  2 sky beasts (D:6)
  A black bear (D:7)
  A phantom (D:4)
  3 ogres
  A big kobold (D:7)
  A gnoll sergeant (D:6)
  2 scorpions (D:4)
  A howler monkey (D:5)
  A crimson imp (D:6)
  2 giant frog skeletons
  Crazy Yiuf (D:6)
  4 iguanas
  4 worker ants (D:6)
  A hound skeleton (D:4)
  14 gnolls
  8 adders
  2 shadow imps
  An ooze (D:1)
  3 worms
  5 dart slugs
  3 giant geckos
  12 orcs
  2 giant cockroaches
  11 goblins
  4 hobgoblins
  3 quokkas
  2 ball pythons
  5 bats
  A giant gecko skeleton (D:4)
  A giant gecko zombie (D:5)
  9 giant newts
  12 kobolds
  3 rats
  A spectral orc (D:4)
131 creatures vanquished.

Vanquished Creatures (others)
  A kobold (D:7)
1 creature vanquished.

Grand Total: 132 creatures vanquished

Notes
Turn   | Place    | Note
--------------------------------------------------------------
     0 | D:1      | FloraKitsune the Kobold Assassin began the quest for the Orb.
     0 | D:1      | Reached XP level 1. HP: 12/12 MP: 1/1
    26 | D:1      | Reached skill level 3 in Short Blades
    99 | D:1      | Reached XP level 2. HP: 16/17 MP: 2/2
   251 | D:1      | Reached skill level 4 in Short Blades
   525 | D:1      | Reached XP level 3. HP: 21/21 MP: 3/3
   673 | D:2      | Found an opulent altar of Gozag.
   709 | D:2      | Reached skill level 5 in Short Blades
   798 | D:2      | Reached XP level 4. HP: 22/26 MP: 4/4
  1691 | D:3      | Reached XP level 5. HP: 30/30 MP: 5/5
  1779 | D:3      | Reached skill level 6 in Short Blades
  2279 | D:4      | Reached XP level 6. HP: 28/35 MP: 6/6
  2652 | D:4      | Reached skill level 7 in Short Blades
  2769 | D:4      | Noticed a phantom
  2876 | D:4      | Killed a phantom
  2959 | D:4      | Reached skill level 5 in Throwing
  2959 | D:4      | Reached XP level 7. HP: 40/40 MP: 7/7
  3019 | D:4      | Found a staircase to the Ecumenical Temple.
  3068 | Temple   | Entered the Ecumenical Temple
  3655 | D:4      | Found a basalt altar of Yredelemnul.
  3737 | D:5      | Entered Level 5 of the Dungeon
  3851 | D:5      | Reached skill level 8 in Short Blades
  3872 | D:5      | Found a sacrificial altar of Ru.
  4026 | D:5      | Noticed a yak
  4026 | D:5      | Noticed a yak
  4079 | D:5      | Killed a yak
  4094 | D:5      | Killed a yak
  4094 | D:5      | Reached skill level 9 in Short Blades
  4094 | D:5      | Reached XP level 8. HP: 14/44 MP: 8/8
  5224 | D:6      | Found a glowing golden altar of the Shining One.
  5272 | D:6      | Reached skill level 10 in Short Blades
  5343 | D:6      | Found a shattered altar of Ashenzari.
  5396 | D:6      | Reached XP level 9. HP: 47/48 MP: 9/9
  5674 | D:6      | Found a shadowy altar of Dithmenos.
  5735 | D:6      | Noticed Crazy Yiuf
  5751 | D:6      | Killed Crazy Yiuf
  6069 | D:6      | Reached skill level 11 in Short Blades
  6442 | D:7      | Found a flagged portal.
  6563 | Bailey   | Entered a bailey
  6719 | Bailey   | Slain by an orc warrior

Skill      XL: |  1  2  3  4  5  6  7  8  9 |
---------------+----------------------------+-----
Short Blades   | 3 4 5 6 7 9 10 11 | 11.5
Throwing       | 4 5 6 7 9 |  9.0
Fighting       | |  2.1
Dodging        | |  1.2
Stealth        | |  5.3

Action                   |  1- 3 |  4- 6 |  7- 9 || total
-------------------------+-------+-------+-------++-------
Melee: Dagger            |    65 |   176 |   326 ||   567
 Fire: Blowgun           |     2 |       |       ||     2
Evoke: Wand              |       |       |     1 ||     1
  Use: Scroll            |       |     2 |     6 ||     8
       Potion            |       |     1 |     8 ||     9
 Stab: Sleeping          |    11 |    18 |     9 ||    38
       Distracted        |       |       |     1 ||     1
  Eat: Chunk             |     8 |     5 |     5 ||    18
Armor: Robe              |    21 |     9 |    35 ||    65
       Skin              |       |    10 |    33 ||    43
Dodge: Dodged            |    48 |    66 |   135 ||   249
